 Dungeon Crawl Stone Soup version 0.19-a0-1732-g0b18a7b (webtiles) character file.

50 4thArraOfDagon the Firebug (level 3, -5/19 HPs)
             Began as a Deep Elf Fire Elementalist on Sept 30, 2016.
             Killed from afar by Blork the orc (6 damage)
             ... with a magic dart
             ... on level 4 of the Dungeon.
             The game lasted 00:01:37 (326 turns).

4thArraOfDagon the Firebug (DEFE)                    Turns: 326, Time: 00:01:37

Health: -5/19      AC:  2    Str:  5    XL:     3   Next: 55%
Magic:  8/10       EV: 13    Int: 20    God:
Gold:   24         SH:  0    Dex: 15    Spells: 2 memorised, 5 levels left

rFire  . . .     SeeInvis .     (no weapon)
rCold  . . .     Gourm    .     a - +0 robe
rNeg   . . .     Faith    .     (no shield)
rPois  .         Spirit   .     (no helmet)
rElec  .         Dismiss  .     (no cloak)
rCorr  .         Reflect  .     (no gloves)
MR     .....     Harm     .     (no boots)
Stlth  ++........               (no amulet)
                                (no ring)
                                (no ring)

@: no status effects
A: no striking features
a: no special abilities


You were on level 4 of the Dungeon.
You were not hungry.

You visited 1 branch of the dungeon, and saw 4 of its levels.

You collected 24 gold pieces.

Inventory:

Missiles
 g - 3 poisoned javelins (quivered)
Armour
 a - a +0 robe (worn)
Potions
 d - 3 potions of mutation {unknown}
 f - 4 potions of degeneration {unknown}
 h - a potion of flight {unknown}
 i - 2 potions of heal wounds {unknown}
 k - 2 potions of berserk rage {unknown}
 l - a potion of invisibility {unknown}
Books
 b - a book of Flames

   Spells                             Type                      Level
   a - Flame Tongue                   Conjuration/Fire             1
   b - Throw Flame                    Conjuration/Fire             2
   c - Conjure Flame                  Conjuration/Fire             3
   d - Inner Flame                    Hexes/Fire                   3
   e - Sticky Flame                   Conjuration/Fire             4
   f - Fireball                       Conjuration/Fire             5
Comestibles
 c - 2 bread rations
 j - a meat ration


   Skills:
 - Level 2.4 Dodging
 - Level 2.4 Stealth
 + Level 3.5 Spellcasting
 * Level 2.3 Conjurations
 * Level 4.2 Fire Magic


You had 5 spell levels left.
You knew the following spells:

 Your Spells              Type           Power        Failure   Level  Hunger
a - Flame Tongue          Conj/Fire      ###..        3%          1    None
b - Conjure Flame         Conj/Fire      ###.....     12%         3    ###....


Dungeon Overview and Level Annotations

Branches:
Dungeon (4/15)
 Temple: D:4-7

Altars:

Annotations:
D:4 Blork the orc


Message History

Unknown command.
Casting: Flame Tongue
Confirm with . or Enter, or press ? or * to list all spells.
Aiming: Flame Tongue
Press: ? - help, Shift-Dir - straight line, f/p - Blork the orc
Aim: Blork the orc, wielding a short sword and wearing a robe (heavily wounded, poisoned)
The flame tongue hits Blork the orc.
Blork the orc is heavily wounded.
Blork the orc points at you and mumbles some strange words.
The puff of frost misses you.
Casting: Flame Tongue
Confirm with . or Enter, or press ? or * to list all spells.
Aiming: Flame Tongue
Press: ? - help, Shift-Dir - straight line, f/p - Blork the orc
Aim: Blork the orc, wielding a short sword and wearing a robe (heavily wounded, poisoned)
The flame tongue hits Blork the orc.
Blork the orc is heavily wounded.
Blork the orc gestures at you while chanting.
The magic dart hits you!
You die...

######
#....####
#@.......
#...o..(.
#.......(
#........
#........
#........
+....#+##
#.<..+


You could see Blork the orc.

Vanquished Creatures
  Jessica (D:3)
  An adder (D:1)
  An ooze (D:2)
  A dart slug (D:2)
  2 leopard geckos
  A giant cockroach (D:3)
  A goblin (D:3)
  A frilled lizard (D:1)
9 creatures vanquished.

Notes
Turn   | Place    | Note
-------+----------+-------------------------------------------
     0 | D:1      | 4thArraOfDagon the Deep Elf Fire Elementalist began the quest for the Orb.
     0 | D:1      | Reached XP level 1. HP: 10/10 MP: 6/6
    60 | D:1      | Reached XP level 2. HP: 14/15 MP: 2/8
   243 | D:3      | Noticed Jessica
   247 | D:3      | Killed Jessica
   247 | D:3      | Reached skill level 4 in Fire Magic
   247 | D:3      | Reached XP level 3. HP: 12/19 MP: 2/10
   254 | D:3      | Learned a level 3 spell: Conjure Flame
   319 | D:4      | Noticed Blork the orc
   326 | D:4      | Killed from afar by Blork the orc

Vault maps used:
D:1:      mushboom_english_gardens
D:2:      serial_forest, infiniplex_forest_corner_1, infiniplex_forest_fountain,
          infiniplex_forest_clump_double, infiniplex_forest_zigzag_2,
          infiniplex_forest_end_2, infiniplex_forest_clump_tiny,
          infiniplex_forest_lined_room_2, first_bread
D:3:      ecumenical_altar_2, uniq_jessica, uniq_terence
D:4:      minmay_misc_feat_ornament, brannock_xom_greatest_gift,
          uniq_blork_the_orc

Skill      XL: |  1  2 |
---------------+-------+-----
Conjurations   | 2 |  2.3
Fire Magic     | 4 |  4.2
Dodging        | |  2.4
Stealth        | |  2.4
Spellcasting   | |  3.5

Action                   || total
-------------------------++-------
Melee: Unarmed           ||     1
Throw: Javelin           ||     7
 Cast: Flame Tongue      ||    19
  Use: Scroll            ||     1
Dodge: Dodged            ||     5
